 Seeded DCSS version 0.26-a0-224-g2964c8c (webtiles) character file.

Game seed: 4987042607762808512 (custom seed)

294 edsrzf the Cudgeler (level 6, -2/44 HPs)
             Began as a Human Gladiator on July 6, 2020.
             Was a Follower of Wu Jian.
             Killed from afar by an orc wizard (4 damage)
             ... with a puff of frost
             ... on level 4 of the Dungeon.
             The game lasted 00:06:03 (3191 turns).

edsrzf the Cudgeler (Human Gladiator)               Turns: 3191, Time: 00:06:04

Health: -2/44      AC: 12    Str: 17    XL:     6   Next: 60%
Magic:  6/6        EV:  5    Int:  8    God:    Wu Jian [*.....]
Gold:   121        SH:  0    Dex: 14    Spells: 5/5 levels left

rFire    . . .     SeeInvis .   a - +0 flail
rCold    + . .     Faith    .   (no shield)
rNeg     . . .     Spirit   .   p - +0 plate armour
rPois    .         Reflect  .   c - +0 helmet
rElec    .         Harm     .   (no cloak)
rCorr    .                      n - +0 pair of gloves
MR       .....                  (no boots)
Stlth    ..........             (no amulet)
HPRegen  0.14/turn              g - ring of protection from cold
MPRegen  0.10/turn              (no ring)

@: very slightly contaminated
A: no striking features
a: Renounce Religion


You were on level 4 of the Dungeon.
You worshipped Wu Jian.
Wu Jian was aware of your devotion.
You were not hungry.

You visited 1 branch of the dungeon, and saw 4 of its levels.

You collected 121 gold pieces.

Inventory:

Hand Weapons
 a - a +0 flail (weapon)
Missiles
 d - 3 throwing nets {=f}
Armour
 c - a +0 helmet (worn)
 n - a +0 pair of gloves (worn)
 p - a +0 plate armour (worn)
Jewellery
 g - a ring of protection from cold (left hand)
Scrolls
 e - a scroll of fear {unknown}
 f - 2 scrolls of identify {@r1}
 h - a scroll of fog {unknown}
 i - a scroll of magic mapping {unknown}
 j - a scroll of blinking
 k - a scroll of enchant armour {unknown}
 l - 4 scrolls of teleportation {unknown}
Potions
 m - a potion of stabbing
 o - a potion of brilliance
Comestibles
 b - a ration


   Skills:
 - Level 2.0 Fighting
 + Level 6.9 Maces & Flails
 - Level 2.0 Throwing
 - Level 3.0 Dodging


You had 5 spell levels left.
You didn't know any spells.
Your spell library was empty.

Dungeon Overview and Level Annotations

Branches:
Dungeon (4/15)
 Temple: D:4-7

Altars:
Okawaru
Wu Jian
Xom


Message History

You see here a +0 club.
You open the door.
The orc wizard looks satisfied for a moment.
The orc hits you but does no damage.
The orc wizard hits you but does no damage. x2
You spin and attack the orc.
You hit the orc.
The orc is lightly wounded.
The orc hits you with a +0 war axe.
The orc wizard hits you but does no damage.
The orc wizard hits you with a cursed -3 dagger.
The orc hits you with a +0 war axe.
There is an open door here.
The orc wizard hits you but does no damage.
Your plate armour prevents you from hitting the orc.
The orc is lightly wounded.
You barely miss the orc.
The orc is lightly wounded.
The orc hits you with a +0 war axe. The orc barely misses you.
You hit the orc but do no damage.
The orc is lightly wounded.
You feel yourself speed up. The orc hits you with a +0 war axe!
* * * LOW HITPOINT WARNING * * *
You closely miss the orc.
The orc is lightly wounded.
The orc wizard casts a spell.
The orc wizard seems to speed up.
The orc hits you but does no damage.
You hit the orc.
The orc is heavily wounded.
The orc wizard mumbles some strange words.
The orc wizard flickers and vanishes!
Deactivating autopickup; reactivate with Ctrl-A.
The orc hits you but does no damage.
The orc wizard gestures wildly while chanting.
The orc wizard blinks!
Okay, then.
You completely miss the orc.
The orc is heavily wounded.
The orc hits you but does no damage.
You hit the orc.
The orc is severely wounded.
The orc wizard mumbles some strange words.
The orc wizard blinks!
The orc hits you but does no damage.
You closely miss the orc.
The orc is severely wounded.
The orc wizard mumbles some strange words.
The orc wizard blinks!
The orc hits you but does no damage.
You barely miss the orc.
The orc is severely wounded.
The orc hits you but does no damage.
You hit the orc.
You kill the orc!
The Council accepts your kill.
You aren't carrying any items that you can evoke.
Unknown command.
Something hits you but does no damage.
You hear some strange, mumbled words.
A puff of flame appears from out of thin air!
The puff of flame hits you.
* * * LOW HITPOINT WARNING * * *
There is an open door here.
Things that are here:
a +0 war axe; a +0 leather armour
Okay, then.
You miss something. Something hits you.
* * * LOW HITPOINT WARNING * * *
Something hits you but does no damage.
You hit something.
You hear some strange, mumbled words.
You closely miss something.
You hear some strange, mumbled words.
A magic dart appears from out of thin air!
The magic dart hits you but does no damage.
You miss something.
Something hits you but does no damage. x2
The orc wizard casts a spell at you.
The magic dart hits something.
You closely miss something. Something hits you.
* * * LOW HITPOINT WARNING * * *
The orc wizard mumbles some strange words.
The orc wizard blinks!
Something hits you but does no damage.
Press: ? - help, v - describe, . - travel
Here: an orc wizard, wielding a -3 dagger and wearing a +0 robe (moderately wounded, fast)
The floor.
Unknown command.
Okay, then.
Okay, then.
Unknown command.
Blink to where?
Press: ? - help, Dir - move target cursor You are very lightly contaminated with residual magic.
As you read the scroll labeled NUJUHU ZOSICI, it crumbles to dust.
It was a scroll of blinking.
An orc wizard appears from thin air!
Reactivating autopickup.
The orc wizard casts a spell at you. The magic dart hits you.
* * * LOW HITPOINT WARNING * * *
The orc wizard gestures at you while chanting.
The puff of frost hits you. You resist.
You die...

....###'###....##...#
#...##..........#...########
................#...##.<...#
#...##...########..........#
#...##...####..##...##.....+
#...##.........##...##.....#
#...##..........#....#.....#
#............o..#....#.....#
#..............o@....#.....#
#...##..##.##..##...##.....#
#'####..##.######...##.....#
#...##).+... #...#
.....'..#.... #...#
....##..#########...#
#...######.....######
#...##.........#
#....'...†.....#


You could see 2 orc wizards.

Vanquished Creatures
  A howler monkey (D:4)
  3 orc wizards (D:3)
  2 hound skeletons (D:4)
  4 adders (D:2)
  A worm (D:4)
  3 dart slugs
  3 leopard geckos
  13 orcs
  5 giant cockroaches
  6 goblins
  3 hobgoblins
  7 jackals
  2 quokkas
  13 ball pythons
  8 bats
  6 frilled lizards
  3 kobolds
  2 rats
85 creatures vanquished.

Notes
Turn   | Place    | Note
-------+----------+-------------------------------------------
     0 | D:1      | edsrzf the Human Gladiator began the quest for the Orb.
     0 | D:1      | Reached XP level 1. HP: 16/16 MP: 1/1
   103 | D:1      | Reached XP level 2. HP: 16/22 MP: 2/2
   977 | D:2      | Reached skill level 4 in Maces & Flails
   977 | D:2      | Reached XP level 3. HP: 22/27 MP: 3/3
  1133 | D:2      | Found an ornate altar of the Wu Jian Council.
  1275 | D:2      | Became a worshipper of the Wu Jian Council
  1503 | D:2      | Reached XP level 4. HP: 33/33 MP: 4/4
  1740 | D:2      | Reached skill level 5 in Maces & Flails
  1846 | D:2      | Found an iron altar of Okawaru.
  2166 | D:3      | Reached XP level 5. HP: 35/38 MP: 5/5
  2171 | D:3      | Identified a potion of lignification
  2172 | D:3      | Identified a potion of curing
  2197 | D:3      | Reached skill level 6 in Maces & Flails
  2406 | D:3      | Reached XP level 6. HP: 44/44 MP: 6/6
  2489 | D:3      | Reached * piety under Wu Jian
  2603 | D:3      | Found a shimmering altar of Xom.
  2860 | D:4      | Identified 3 scrolls of identify
  2860 | D:4      | Identified a potion of stabbing
  2861 | D:4      | Identified a potion of brilliance
  3180 | D:4      | Identified 2 scrolls of blinking
  3189 | D:4      | HP: 2/44 [orc wizard/magic dart (6)]
  3191 | D:4      | Killed from afar by an orc wizard

Illustrated notes

Levels and vault maps discovered:
D:1:      nzn_arrival_crosshair, layout_loops_corners
D:2:      layout_loops_ring, lemuel_round_altar, okawaru_ov_weapons_minmay,
          minmay_snake_closets
D:3:      layout_basic, lemuel_doored_altar
D:4:      layout_gridville, first_ration, minivault_24

Skill      XL: |  1  2  3  4  5 |
---------------+----------------+-----
Maces & Flails | 4 5 6 |  6.9
Fighting       | |  2.0
Throwing       | |  2.0
Dodging        | |  3.0

Action                   |  1- 3 |  4- 6 || total
-------------------------+-------+-------++-------
Melee: Flail             |    88 |   189 ||   277
       Unarmed           |     9 |       ||     9
Invok: Lunge             |     2 |    13 ||    15
       Whirlwind         |       |     3 ||     3
  Use: Potion            |       |     2 ||     2
       Scroll            |       |     3 ||     3
 Stab: Sleeping          |     2 |     1 ||     3
  Eat: Ration            |     1 |     2 ||     3
Armor: Leather armour    |    31 |    22 ||    53
       Skin              |       |    24 ||    24
       Plate armour      |       |    55 ||    55
Dodge: Dodged            |    92 |    68 ||   160

Table legend:
 A = Non-vault XP
 B = Vault XP
 C = Vault XP percentage of total XP
 D = Non-vault monster count
 E = Vault monster count
 F = Vault count percentage of total count
                 A         B        C        D         E       F
            +---------+---------+-------+---------+---------+-------
      Total |     368 |      52 |  12.4 |      74 |      11 |  12.9
            +---------+---------+-------+---------+---------+-------
        D:1 |      27 |       0 |   0.0 |      16 |       0 |   0.0
        D:2 |      46 |      52 |  53.1 |      18 |      11 |  37.9
        D:3 |     176 |       0 |   0.0 |      27 |       0 |   0.0
        D:4 |     119 |       0 |   0.0 |      13 |       0 |   0.0
            +---------+---------+-------+---------+---------+-------
